 Dungeon Crawl Stone Soup version 0.24-a0-462-ge24419a (webtiles) character file.

Game seed: 3813675335988652948

18 CanOfBees the Caller (level 2, 0/24 HPs)
             Began as a Tengu Summoner on July 1, 2019.
             Slain by a ball python (1 damage)
             ... on level 2 of the Dungeon.
             The game lasted 00:01:25 (1343 turns).

CanOfBees the Caller (Tengu Summoner)               Turns: 1343, Time: 00:01:25

Health: 0/24       AC:  2    Str: 13    XL:     2   Next: 66%
Magic:  6/6        EV: 10    Int: 15    God:
Gold:   37         SH:  0    Dex: 14    Spells: 2/5 levels left

rFire    . . .     SeeInvis .   f - +0 short sword
rCold    . . .     Gourm    .   (no shield)
rNeg     . . .     Faith    .   a - +0 robe
rPois    .         Spirit   .   (helmet restricted)
rElec    .         Reflect  .   (no cloak)
rCorr    .         Harm     .   (no gloves)
MR       .....                  (boots unavailable)
Stlth    ..........             (no amulet)
HPRegen  0.08/turn              (no ring)
MPRegen  0.10/turn              (no ring)

@: berserking (expiring), lethally poisoned (0 -> -4), constricted, very quick
A: beak, talons 3
a: no special abilities


You were on level 2 of the Dungeon.
You were not hungry.

You visited 1 branch of the dungeon, and saw 2 of its levels.

You collected 37 gold pieces.

Inventory:

Hand Weapons
 f - a +0 short sword (weapon)
Missiles
 e - 6 boomerangs (quivered)
Armour
 a - a +0 robe (worn)
Scrolls
 d - a scroll of enchant weapon {unknown}
 g - a scroll of magic mapping
Potions
 h - a potion of heal wounds {unknown}
Comestibles
 c - 3 rations


   Skills:
 + Level 1.0 Fighting
 + Level 2.6 Dodging
 - Level 2.0 Stealth
 + Level 2.2 Spellcasting
 + Level 5.0 Summonings


You had 2 spell levels left.
You knew the following spells:

 Your Spells              Type           Power        Failure   Level  Hunger
a - Summon Small Mammal   Summ           ###.         2%          1    #......
b - Call Imp              Summ           ###.....     4%          2    ###....

Your spell library contained the following spells:

 Spells                   Type           Power        Failure   Level  Hunger
 Call Canine Familiar     Summ           ###.....     9%          3    ###....
 Summon Guardian Golem    Hex/Summ       #.......     22%         3    ###....
 Summon Ice Beast         Ice/Summ       #.......     58%         4    #####..
 Summon Lightning Spire   Summ/Air       #.......     58%         4    #####..


Dungeon Overview and Level Annotations

Branches:
Dungeon (2/15)

Altars:


Innate Abilities, Weirdness & Mutations

You have a beak for a mouth.
You have claws for feet.


Message History

The adder misses you.
You puncture the adder! Your kick misses the adder. Your peck misses the adder.
The adder is severely wounded.
You feel sick. The howler monkey hits you. The adder bites you.
The ball python barely misses you. The ball python constricts you.
You barely miss the howler monkey. The howler monkey hits you.
* * * LOW HITPOINT WARNING * * *
The adder bites you.
* * * LOW HITPOINT WARNING * * *
You puncture the howler monkey!
The howler monkey is heavily wounded.
The ball python bites you but does no damage.
The ball python constricts you. The howler monkey barely misses you.
The adder closely misses you.
You hit the adder.
You kill the adder!
Your Fighting skill increases to level 1!
Your Summonings skill increases to level 5!
The ball python bites you but does no damage.
You die...

,,,,* ##......#**,,,,**********,
,,,,* ##........##,.....,,,,**,,,
,,,,* #...........,.....***,,,,,,
,.,,**#..(..............,,,,,,,,,
,...h##..........#[.....******,,,
,,,#.l..<........#....#,******,,,
,[...................##,,,,,,,,,,
,............$.†.S....#.,,,,,,*,,
,..............h@.......,,,,,,,,,
,......?S..........####.*******,,
,.................##,,,,* *,,
,.................#*,**** *,,
,.................#*,* *,,
,,,,,,,,,..........,,* ***
,,,*,,,,,..........,** ***
,,,***,,*.........#.*****,**
,,,****,,**,**,,,**,,,,**,,****


You could see a howler monkey and a ball python.

Vanquished Creatures
  An adder (D:2)
  A goblin (D:1)
  A ball python (D:1)
3 creatures vanquished.

Vanquished Creatures (collateral kills)
  A leopard gecko (D:1)
  A bat (D:1)
  2 goblins (D:1)
  3 hobgoblins (D:1)
  A kobold (D:1)
8 creatures vanquished.

Grand Total: 11 creatures vanquished

Notes
Turn   | Place    | Note
-------+----------+-------------------------------------------
     0 | D:1      | CanOfBees the Tengu Summoner began the quest for the Orb.
     0 | D:1      | Reached XP level 1. HP: 10/10 MP: 4/4
   803 | D:1      | Reached XP level 2. HP: 11/16 MP: 3/6
   811 | D:1      | Learned a level 2 spell: Call Imp
  1191 | D:2      | Noticed a howler monkey
  1341 | D:2      | HP: 1/24 [adder (4)]
  1343 | D:2      | Reached skill level 1 in Fighting
  1343 | D:2      | Reached skill level 5 in Summonings
  1343 | D:2      | Slain by a ball python

Levels and vault maps discovered:
D:1:      roderic_dead_forest, layout_basic
D:2:      layout_rooms, first_ration

Skill      XL: |  1  2 |
---------------+-------+-----
Fighting       | 1 |  1.0
Summonings     | 5 |  5.0
Dodging        | |  2.6
Stealth        | |  2.0
Spellcasting   | |  2.2

Action                   || total
-------------------------++-------
Melee: Unarmed           ||     9
       Peck              ||     1
       Short sword       ||     7
       Kick              ||     1
Throw: Boomerang         ||     5
 Cast: Summon Small Mamm ||    13
       Call Imp          ||     2
  Use: Scroll            ||     1
       Potion            ||     1
  Eat: Chunk             ||     2
Armor: Robe              ||     7
Dodge: Dodged            ||    26

Table legend:
 A = Non-vault XP
 B = Vault XP
 C = Vault XP percentage of total XP
 D = Non-vault monster count
 E = Vault monster count
 F = Vault count percentage of total count
                 A         B        C        D         E       F
            +---------+---------+-------+---------+---------+-------
      Total |      26 |       0 |   0.0 |      11 |       0 |   0.0
            +---------+---------+-------+---------+---------+-------
        D:1 |      13 |       0 |   0.0 |      10 |       0 |   0.0
        D:2 |      13 |       0 |   0.0 |       1 |       0 |   0.0
            +---------+---------+-------+---------+---------+-------
